 Dungeon Crawl Stone Soup version 0.31-a0-1467-g53b6572822 (webtiles) character file.

Game seed: 3948967810793329895

639 mopl the Ruffian (level 7, -2/50 HPs)
             Began as a Djinni Shapeshifter on Dec 28, 2023.
             Slain by a gnoll
             ... wielding a +0 flail
              (3 damage)
             ... on level 4 of the Dungeon.
             The game lasted 00:02:58 (3553 turns).

mopl the Ruffian (Djinni Shapeshifter)              Turns: 3553, Time: 00:02:59

Health: -2/50      AC:  8    Str: 15    XL:     7   Next: 80%
Gold:   267        EV:  7    Int: 11    God:
                   SH:  0    Dex: 13

rFire   + +          .
                       - Unarmed
rCold   x . .        (no shield)
rNeg    . . .        z - +0 chain mail
rPois   ∞            (helmet currently unavailable)
rElec   .            (cloak currently unavailable)
rCorr   .            (gloves currently unavailable)
SInv    +            (boots unavailable)
Will    .....        (no amulet) Stlth
                     l - ring of wizardry
HPRegen 0.28/turn    v - ring of see invisible
MPRegen 0.00/turn

%: wizardry (x1), infuse magic (-3 HP)
@: beast-form, flying
A: beast (slay +2), flying, sickness immunity, fire resistance 2, cold
vulnerability 1, float, innate caster, HP casting, extra vitality 1
a: Begin Untransformation


You were on level 4 of the Dungeon.
You were a hulking beast.
You visited 1 branch of the dungeon, and saw 5 of its levels.

You collected 267 gold pieces.

Inventory:

Missiles
 j - 8 poisoned darts
 s - 4 darts of dispersal
Armour
 z - a +0 chain mail (worn)
 A - a +0 plate armour
Jewellery
 l - a ring of wizardry (left hand)
 v - a ring of see invisible (right hand)
Talismans
 c - a beast talisman
 d - a flux talisman
Scrolls
 e - a scroll of immolation {unknown}
 f - 3 scrolls of teleportation {unknown}
 m - 2 scrolls of poison {unknown}
 o - 2 scrolls of identify {unknown}
 t - a scroll of amnesia {unknown}
 y - a scroll of fear {unknown}
Potions
 a - a potion of cancellation {unknown}
 b - 2 potions of lignification {!q}
 g - a potion of haste {unknown}
 h - 2 potions of brilliance {unknown}
 i - 2 potions of invisibility {unknown}
 k - 3 potions of ambrosia {unknown}
 n - 3 potions of might {unknown}
 p - 3 potions of curing {unknown}
 q - a potion of magic {unknown}
 r - a potion of heal wounds {unknown}
 u - 2 potions of attraction {unknown}
 w - a potion of degeneration {unknown}
 x - a potion of mutation {unknown}


   Skills:
 + Level 3.5 Fighting
 - Level 2.1 Dodging
 * Level 5.8 Unarmed Combat
 * Level 4.9 Shapeshifting


You knew the following spells:

 Your Spells              Type           Power      Damage    Failure   Level
a - Summon Small Mammal   Summ           0%         N/A       90%         1
b - Lesser Beckoning      Tloc           0%         N/A       96%         2
c - Fugue of the Fallen   Necr           0%         N/A       99%         3
Your spell library was empty.

Dungeon Overview and Level Annotations

Branches:
Dungeon (5/15)
 Temple: D:4-7

Altars:
Cheibriados
Fedhas
Trog
The Shining One


Innate Abilities, Weirdness & Mutations

You are a hulking beast.
Your limbs bulge with bestial killing power. (Slay +2)
You are flying.
You are immune to sickness and miasma.
You are immune to poison.
Your flesh is very heat resistant. (rF++)
You are vulnerable to cold. (rC-)
You float through the air rather than walking.
You learn spells naturally, not from books.
Your magical power is your life essence.
You have superior vitality. (+4 MHP)


Message History

The gnoll shouts!
Found a stone staircase leading up.
The gnoll throws a stone.
The stone hits you but does no damage.
A gnoll comes into view. It is wielding a +0 spear.
The gnoll shouts!
The gnoll hits you but does no damage. The gnoll attacks as it pursues you!
The gnoll closely misses you.
A jelly comes into view.
Found 3 stones and a scroll labelled ECHENE ZYLIGE.
The jelly quivers.
The gnoll attacks as it pursues you! The gnoll hits you with a +0 flail.
The gnoll hits you with a +0 spear.
* * * LOW HITPOINT WARNING * * *
There is a stone staircase leading up here.
The gnoll barely misses you. The gnoll hits you with a +0 spear.
* * * LOW HITPOINT WARNING * * *
You fly upwards.
There is a stone staircase leading down here.
Unknown command.
You completely miss the gnoll. The gnoll hits you with a +0 flail.
* * * LOW HITPOINT WARNING * * *
You hit the gnoll.
The gnoll is moderately wounded.
The gnoll barely misses you.
You hit the gnoll.
The gnoll is heavily wounded.
The gnoll barely misses you. The gnoll hits you with a +0 spear.
* * * LOW HITPOINT WARNING * * *
You hit the gnoll.
The gnoll is severely wounded.
The gnoll hits you with a +0 flail.
* * * LOW HITPOINT WARNING * * *
The gnoll hits you with a +0 spear.
* * * LOW HITPOINT WARNING * * *
Unknown command.
Okay, then.
You barely miss the gnoll.
The gnoll is severely wounded.
The gnoll hits you with a +0 flail.
You die...

##.####...###........#
##.####....# #........#
##..# #....## #........#
###..## #....#
#......... ######...##
##....# ##........
###.....#...###.....##
#........
.....####.....#......#
#........
#.....###...........<##
##.......
#......##.......hg....#
#.......
##......#.....#..g....##
##......
#......##...##........#
##.....
#......##...##........#
##....
##......#...###.......##
#.... #....(.#..<#
#........# ##..#
#......#..## ##......##
##.# # ##.....#..#
#....### ### #
##...##..# ####...##


You could see 2 gnolls.

Vanquished Creatures
  Sigmund (D:3)
  An ogre (D:4)
  A phantom (D:5)
  2 scorpions (D:4)
  An iron imp (D:3)
  A jelly (D:5)
  A hound (D:4)
  A sleepcap (D:4)
  2 adders
  3 orcs (D:5)
  6 bats
  3 endoplasms
  3 giant cockroaches
  3 goblins
  4 hobgoblins
  7 jackals
  3 quokkas
  6 ball pythons
  2 frilled lizards
  8 kobolds
  2 rats (D:1)
61 creatures vanquished.

Notes
Turn   | Place    | Note
-------+----------+-------------------------------------------
     0 | D:1      | mopl the Djinni Shapeshifter began the quest for the Orb.
     0 | D:1      | Reached XP level 1. HP: 17/17 MP: 0/0
    25 | D:1      | Found a faded altar of an unknown god.
   115 | D:1      | Reached XP level 2. HP: 15/22 MP: 0/0
   404 | D:1      | Reached skill level 3 in Shapeshifting
   659 | D:2      | Reached XP level 3. HP: 27/27 MP: 0/0
   659 | D:2      | Learned a level 1 spell: Summon Small Mammal
  1394 | D:3      | Found a blossoming altar of Fedhas.
  1480 | D:3      | Found a glowing golden altar of the Shining One.
  1617 | D:3      | Reached XP level 4. HP: 33/33 MP: 0/0
  1834 | D:3      | Noticed Sigmund
  1848 | D:3      | Killed Sigmund
  1849 | D:3      | Reached skill level 2 in Fighting
  1849 | D:3      | Reached skill level 4 in Unarmed Combat
  1849 | D:3      | Reached skill level 4 in Shapeshifting
  1849 | D:3      | Reached XP level 5. HP: 14/39 MP: 0/0
  1849 | D:3      | Learned a level 2 spell: Lesser Beckoning
  1849 | D:3      | Reached XP level 6. HP: 16/45 MP: 0/0
  1980 | D:3      | Found a snail-covered altar of Cheibriados.
  2686 | D:4      | Reached skill level 5 in Unarmed Combat
  2753 | D:4      | Reached skill level 3 in Fighting
  2753 | D:4      | Reached XP level 7. HP: 46/50 MP: 0/0
  2753 | D:4      | Learned a level 3 spell: Fugue of the Fallen
  2818 | D:4      | Found a bloodstained altar of Trog.
  2839 | D:4      | HP: 2/50 [ogre/+0 giant club (19)]
  3144 | D:5      | Entered Level 5 of the Dungeon
  3518 | D:5      | Noticed a yak
  3552 | D:4      | HP: 1/50 [gnoll/+0 spear (5)]
  3553 | D:4      | Slain by a gnoll

Illustrated notes

Levels and vault maps discovered:
D:1:      lightli_iron_boxes, layout_basic,
          dreamdust_ecumenical_altar_angels_and_demons, serial_aquarium,
          aquarium_bridge_square [aquarium_subvault_bridge,
          aquarium_subvault_wall, aquarium_subvault_window,
          aquarium_subvault_bridge], aquarium_window_corridor_2,
          aquarium_window_fake, aquarium_window_2, aquarium_view_2g,
          aquarium_balcony_3b
D:2:      layout_basic
D:3:      layout_loops_ring, mainiacjoe_overflow_paths, fedhas_altar_1,
          slow_altar_2, mainiacjoe_overflow_catch_the_wave, minivault_25,
          grunt_decor_mini_mirrors, uniq_sigmund
D:4:      layout_cave_pods, mainiacjoe_overflow_small_starburst
D:5:      layout_rooms, serial_bayou_pond_b

Skill      XL: |  1  2  3  4  5  6 |
---------------+-------------------+-----
Shapeshifting  | 3 4 |  4.9
Fighting       | 2 3 |  3.5
Unarmed Combat | 4 5 |  5.8
Dodging        | |  2.1

Action                     |  1- 3 |  4- 6 |  7- 9 || total
---------------------------+-------+-------+-------++-------
  Melee: Unarmed           |    93 |    67 |    45 ||   205
         Punch             |     1 |     3 |     1 ||     5
   Stab: Sleeping          |     1 |     1 |       ||     2
 Armour: Animal skin       |    46 |    34 |    20 ||   100
         Chain mail        |       |       |    23 ||    23
  Dodge: Dodged            |    62 |    38 |    23 ||   123

Table legend: (Time is in decaauts)
 A = Elapsed time spent in this place.
 B = Non-inter-level travel time spent in this place.
 C = Inter-level travel time spent in this place.
 D = Time resting spent in this place.
 E = Time spent auto-exploring this place.
 F = Levels seen in this place.
 G = Mean time per level.
                   A        B        C        D        E       F      G
               +--------+--------+--------+--------+--------+-----+--------+
         Total |   3535 |   3448 |     87 |    475 |   2489 |   5 |  707.0 |
       Dungeon |   3535 |   3448 |     87 |    475 |   2489 |   5 |  707.0 |
               +--------+--------+--------+--------+--------+-----+--------+

Top non-repeatable levels by time:
     D:4: 1078 daAuts
     D:3: 856 daAuts
     D:2: 719 daAuts
     D:1: 650 daAuts
     D:5: 230 daAuts
